Map: Golden Wall LE

Players

Serral

  • Race: Zerg Zerg
  • League: Grandmaster
  • Spawn Location: 7:00

HeroMarine - Winner!

  • Race: Terran Terran
  • League: Master
  • Spawn Location: 5:00

VOD

https://youtu.be/Lp9EDgh16vU

Description

Time

  • Played on: Aug. 7, 2020, 8:45 a.m.
  • Length: 10:21
Show
View Real Time Build Order
Export as new Build Order

Serral Zerg 

Build Orders: Hatch First 

Get SALT Encoding   

  12  0:00  Drone  
  13  0:12  Overlord  
  13  0:17  Drone  
  14  0:30  Drone  
  14  0:31  Drone  
  16  0:49  Hatchery  
  15  0:51  Drone  
  15  0:55  Drone  
  17  0:59  Drone  
  18  1:08  Extractor  
  17  1:14  Spawning Pool  
  17  1:17  Drone  
  17  1:20  Drone  
  18  1:28  Drone  
  19  1:38  Drone  
  20  1:49  Overlord  
  20  2:00  Queen  
  20  2:01  Queen  
  24  2:02  Zergling x4  
  26  2:11  Drone x2, Metabolic Boost  
  28  2:23  Drone x2  
  30  2:38  Extractor  
  30  2:41  Overlord  
  30  2:42  Queen, Drone  
  30  2:43  Drone x2  
  35  2:50  Pneumatized Carapace  
  34  2:55  Drone  
  35  3:10  Hatchery  
  35  3:12  Drone x3  
  37  3:14  Drone  
  37  3:16  Drone  
  37  3:18  Drone  
  40  3:21  Overlord  
  40  3:24  Zergling x2  
  40  3:26  Drone  
  42  3:33  Queen  
  44  3:39  Overlord  
  44  3:41  Drone x3  
  46  3:43  Zergling x2  
  46  3:45  Drone  
  46  3:47  Drone  
  50  3:49  Drone  
  50  3:53  Zergling x2, Overlord  
  52  3:59  Extractor  
  52  4:00  Evolution Chamber  
  52  4:02  Evolution Chamber  
  49  4:03  Drone x2  
  49  4:09  Zergling x4  
  53  4:12  Queen  
  53  4:14  Drone x2  
  57  4:18  Drone x2  
  57  4:23  Overlord  
  59  4:26  Queen  
  61  4:33  Zerg Melee Weapons Level 1  
  61  4:34  Zerg Ground Armor Level 1  
  61  4:36  Drone  
  62  4:39  Zergling x4  
  62  4:40  Drone  
  64  4:46  Drone x3  
  64  4:49  Drone x2  
  64  4:52  Overlord  
  69  4:54  Drone  
  70  5:00  Drone x2  
  70  5:03  Overlord  
  70  5:04  Lair  
  70  5:05  Drone  
  70  5:06  Drone  
  74  5:09  Overlord  
  74  5:15  Extractor, Baneling Nest  
  74  5:16  Drone x2, Extractor  
  73  5:23  Zergling x4  
  75  5:28  Drone x2  
  75  5:29  Drone x2  
  75  5:30  Drone x2  
  75  5:32  Drone  
  75  5:35  Zergling x4  
  82  5:37  Drone x2  
  82  5:41  Queen  
  86  5:44  Drone x3  
  86  5:45  Drone  
  86  5:47  Drone  
  83  5:54  Drone x2  
  83  5:55  Drone  
  80  6:01  Drone  
  80  6:02  Drone  
  80  6:04  Centrifical Hooks  
  80  6:07  Drone x2  
  82  6:13  Overseer  
  82  6:18  Drone  
  82  6:22  Drone x3  
  82  6:24  Overlord  
  86  6:26  Zergling x2  
  86  6:27  Hatchery, Zergling x2  
  83  6:32  Zerg Melee Weapons Level 2  
  83  6:36  Zergling x10, Extractor  
  87  6:43  Zerg Ground Armor Level 2  
  87  6:45  Zergling x8  
  91  6:53  Zergling x12  
  96  7:03  Zergling x2  
  96  7:04  Zergling x6  
  98  7:09  Overlord x3  
  98  7:11  Baneling x8  
  98  7:13  Overlord  
  98  7:18  Hydralisk Den  
  97  7:22  Overlord  
  97  7:26  Queen  
  97  7:28  Drone x6  
  105  7:34  Zergling x2  
  106  7:38  Zergling x4  
  106  7:39  Zergling x6, Overseer  
  111  7:44  Queen x2  
  111  7:45  Queen  
  113  7:52  Drone x3  
  113  7:53  Grooved Spines  
  113  7:56  Drone  
  116  8:00  Zergling x6  
  116  8:01  Zergling x8  
  118  8:09  Zergling x10  
  122  8:15  Queen  
  122  8:16  Hydralisk x3  
  122  8:17  Baneling x3  
  122  8:18  Baneling x2  
  125  8:20  Hydralisk  
  129  8:29  Hydralisk x5  
  129  8:30  Hydralisk  
  138  8:37  Hydralisk x2, Baneling x2  
  138  8:38  Zergling x2  
  138  8:40  Overlord  
  142  8:47  Hydralisk x2  
  142  8:48  Zergling x2  
  139  8:55  Zergling x10  
  128  9:01  Zergling x16  
  126  9:16  Overlord x4  
  125  9:19  Hydralisk  
  127  9:25  Zergling x2  
  127  9:30  Overseer, Baneling x2  
  128  9:35  Baneling x10  
  128  9:36  Zergling x16  
  134  9:46  Zergling x8  
  127  9:54  Zergling x6  
  103  10:02  Zergling x4  
  101  10:07  Baneling  
Show
View Real Time Build Order
Export as new Build Order

HeroMarine Terran - Winner!

Build Orders: Hellion Opening, Liberator Opening, Reaper Expand 

Get SALT Encoding   

  12  0:00  SCV  
  13  0:12  SCV  
  14  0:17  Supply Depot  
  14  0:24  SCV  
  15  0:38  SCV  
  15  0:39  Barracks  
  16  0:43  Refinery  
  16  0:50  SCV  
  17  1:02  SCV  
  18  1:15  SCV  
  19  1:27  Reaper, Orbital Command  
  20  1:42  Command Center  
  20  1:50  Supply Depot  
  20  1:52  SCV  
  21  1:58  Marine  
  22  2:04  SCV  
  22  2:08  Factory  
  23  2:16  SCV  
  23  2:20  Barracks Reactor  
  24  2:28  SCV  
  25  2:40  SCV  
  25  2:42  Command Center  
  26  2:52  SCV  
  26  2:54  Orbital Command  
  27  3:00  Starport  
  27  3:06  SCV  
  27  3:07  Hellion  
  29  3:13  Hellion  
  29  3:18  SCV, Refinery  
  32  3:20  SCV  
  33  3:29  Hellion  
  33  3:32  SCV  
  33  3:33  SCV  
  37  3:34  Hellion  
  37  3:38  Viking  
  41  3:44  SCV  
  41  3:45  SCV  
  41  3:46  Barracks Tech Lab  
  43  3:54  Orbital Command  
  43  3:58  Hellion x2  
  43  4:00  SCV  
  43  4:01  SCV  
  49  4:08  Supply Depot  
  49  4:13  SCV x2, Liberator  
  49  4:15  Marine  
  55  4:20  SCV  
  55  4:24  Hellion  
  58  4:25  SCV, Hellion  
  62  4:31  SCV  
  62  4:32  SCV, Supply Depot  
  62  4:35  Stimpack  
  62  4:36  Marine  
  62  4:37  SCV  
  65  4:41  Supply Depot  
  65  4:43  SCV  
  65  4:44  SCV  
  67  4:49  SCV  
  67  4:50  Barracks  
  67  4:52  Barracks  
  68  4:53  Factory Reactor  
  68  4:54  Marine  
  68  4:59  SCV  
  71  5:02  SCV  
  71  5:05  Engineering Bay  
  71  5:06  Starport Reactor, Engineering Bay, Refinery  
  71  5:07  Refinery  
  71  5:09  Orbital Command  
  71  5:13  Supply Depot  
  71  5:14  SCV  
  71  5:15  SCV  
  71  5:16  Supply Depot  
  71  5:17  Marine  
  74  5:26  SCV  
  74  5:27  SCV  
  76  5:35  Marine  
  76  5:38  SCV  
  76  5:39  Terran Infantry Weapons Level 1, Terran Infantry Armor Level 1, Factory Tech Lab  
  76  5:40  SCV  
  76  5:41  SCV  
  80  5:43  Supply Depot  
  80  5:44  Marine x2  
  80  5:45  Marine x2  
  80  5:46  Medivac  
  80  5:49  Medivac  
  88  5:51  SCV  
  88  5:52  SCV  
  88  5:53  Marine  
  88  5:55  SCV  
  82  6:02  Marine x3  
  82  6:03  SCV  
  82  6:04  SCV, Siege Tank  
  81  6:07  Marine  
  81  6:11  Marine, Barracks  
  82  6:14  Barracks  
  82  6:16  SCV x3  
  86  6:20  Marine x2  
  86  6:21  Marine  
  89  6:25  Marine  
  89  6:27  Refinery  
  89  6:28  SCV  
  89  6:29  Marine  
  92  6:35  Medivac x2, Combat Shield  
  92  6:38  Marine x2  
  92  6:39  Marine  
  99  6:40  Supply Depot  
  99  6:41  Supply Depot  
  99  6:43  Marine  
  99  6:45  Supply Depot  
  99  6:46  Marine  
  101  6:48  Supply Depot, Siege Tank  
  104  6:56  Marine x3  
  104  7:01  Marine  
  108  7:04  Marine  
  108  7:06  Barracks Reactor  
  108  7:07  Barracks Reactor  
  107  7:09  Barracks  
  107  7:10  Barracks x2  
  107  7:11  Supply Depot x2  
  107  7:13  Marine  
  107  7:14  Marine x2  
  110  7:18  Medivac x2  
  110  7:19  Marine  
  110  7:21  Armory  
  110  7:22  Marine  
  116  7:26  Siege Tank  
  119  7:31  Marine x2  
  119  7:32  Marine  
  119  7:36  Marine  
  122  7:39  Missile Turret  
  122  7:40  Marine  
  124  7:48  Medivac x2  
  124  7:49  Marine x6  
  124  7:50  Marine  
  135  7:54  Marine  
  135  7:56  Marine  
  135  7:57  Marine x2  
  135  7:58  Marine  
  133  8:07  Marine x6  
  133  8:08  Marine  
  133  8:12  Marine  
  135  8:13  Marine  
  135  8:15  Marine x3, Siege Tank  
  135  8:18  Medivac  
  142  8:24  Marine  
  142  8:25  Marine x6  
  142  8:27  Medivac  
  151  8:30  Marine  
  151  8:31  Marine  
  151  8:32  Marine  
  151  8:33  Marine x2  
  145  8:42  Marine x3  
  145  8:43  Marine x4  
  145  8:47  Siege Tank  
  145  8:48  Marine  
  156  8:49  Marine  
  156  8:55  Marine  
  157  8:58  Medivac x2, Marine x2  
  157  9:00  Marine x2  
  157  9:04  Supply Depot x2, Marine x4  
  157  9:06  Marine  
  157  9:07  Marine x2  
  161  9:13  Marine  
  161  9:16  Marine x2  
  160  9:18  Marine x2  
  160  9:19  Siege Tank  
  160  9:22  Marine x4  
  169  9:24  Marine x2  
  169  9:25  Marine  
  169  9:28  Medivac x2  
  169  9:31  Marine  
  174  9:34  Marine x2  
  174  9:36  Command Center, Marine x2  
  179  9:39  Marine x4  
  179  9:42  Marine x2  
  179  9:43  Marine  
  185  9:49  Marine  
  185  9:52  Marine x2  
  184  9:54  Marine x2  
  184  9:57  Marine x4  
  171  10:00  Marine x2  
  171  10:01  Marine  
Tags
 
Add a new tag
Caveats
  • Supply blocks, unpowered buildings, or Contaminate may cause inaccurate times.
  • Supply counts are checked every 10 seconds.